Cogmind - Beta 16.1 @@@ ROGUE MODE // 2026.04.06 @ 23:31:24 Player: WitherScout Result: Destroyed by G-47 Trooper with Particle Gun Performance ------------- Evolutions (2) 1000 Regions Visited (4) 800 Robots Destroyed (51) 255 Value Destroyed (1525) 1525 Prototype IDs (2) 40 Alien Tech Used (0) 0 Bonus (177) 177 TOTAL SCORE: 3797 Bonus ------- Follower Combat Kills 177 Cogmind --------- Core Integrity 0/550 Matter 197/300 Energy 68/100 System Corruption 0% Temperature Danger (456) Movement Core (50) Location -8/Storage Parts ------- > --- POWER (1) -------- (None) > --- PROPULSION (4) --- Improved Flight Unit Improved Flight Unit > --- UTILITY (4) ------ Visual Processing Unit Targeting Computer > --- WEAPON (2) ------- Particle Gun > --- INVENTORY (5) ---- Light Nuclear Core Flight Unit Flight Unit Improved Terrain Scanner Tractor Beam Peak State ------------ > --- POWER ------------ Light Nuclear Core > --- PROPULSION ------- Improved Flight Unit Improved Flight Unit Improved Flight Unit Improved Flight Unit > --- UTILITY ---------- Medium Storage Unit Gravity Neutralizer Visual Processing Unit Targeting Computer > --- WEAPON ----------- Particle Gun > --- INVENTORY -------- Flight Unit Flight Unit Cryofiber Web Cryofiber Web Improved Heat Sink Improved Terrain Scanner Hardened Light Armor Plating Shield Generator Tractor Beam Beam Rifle [Rating: 29] Favorites ----------- Power Improved Ion Engine Engine Improved Ion Engine Power Core Light Nuclear Core Propulsion Armored Wheel Wheel Armored Wheel Flight Unit Flight Unit Utility Improved Light Armor Plating Device Tractor Beam Storage Huge Storage Unit Processor Targeting Computer Protection Improved Light Armor Plating Weapon Beam Rifle Energy Gun Beam Rifle Launcher Grenade Launcher Build | -11 -10 -9 -8 -8 ------- Run | Yrd Mat Mat Mat Sto Slots Evolved 4 | . . 2 2 . Power . | . . . . . Propulsion 2 | . . . 2 . Utility 2 | . . 2 . . Weapon . | . . . . . Parts Attached 48 | 4 6 15 11 12 Power 7 | 1 . 3 2 1 Engine 5 | 1 . 3 1 . Core 2 | . . . 1 1 Reactor . | . . . . . Propulsion 15 | 2 2 2 5 4 Treads . | . . . . . Leg . | . . . . . Wheel 4 | 2 2 . . . Hover . | . . . . . Flight 11 | . . 2 5 4 Utility 16 | 1 2 7 2 4 Device 4 | . 1 . 1 2 Storage 5 | 1 1 2 1 . Processor 2 | . . 1 . 1 Hackware . | . . . . . Protection 5 | . . 4 . 1 Artifact . | . . . . . Weapon 10 | . 2 3 2 3 Energy Gun 9 | . 2 2 2 3 Energy Cannon . | . . . . . Ballistic Gun . | . . . . . Ballistic Cannon . | . . . . . Launcher 1 | . . 1 . . Special Weapon . | . . . . . Impact Weapon . | . . . . . Slashing Weapon . | . . . . . Piercing Weapon . | . . . . . Special Melee Weapon . | . . . . . Unidentified Prototypes 2 | . . . . 2 Parts Lost 22 | . . 4 4 14 Power 2 | . . . . 2 Propulsion 8 | . . 1 3 4 Utility 6 | . . 1 1 4 Weapon 6 | . . 2 . 4 Highest Loss Streak 9 | . . 1 3 9 To Critical Strikes . | . . . . . Average Backups 15 | 4 8 19 16 9 Power 1 | . 1 2 2 . Propulsion 4 | 1 4 4 2 . Utility 6 | . . 8 8 6 Weapon 3 | 2 2 4 3 . Tool/Special . | . . . . . Unused Backups 28 | . 11 8 5 4 Power 3 | . 1 1 1 . Propulsion 6 | . 6 . . . Utility 12 | . . 5 3 4 Weapon 7 | . 4 2 1 . Tool/Special . | . . . . . Average Slot Usage (%) 96 | . 96 99 84 84 Engine 10 | . 14 11 4 . Wheel 14 | . 28 13 2 . Flight 9 | . . 8 21 31 Device 5 | . 13 2 5 7 Storage 11 | . 14 11 9 9 Processor 9 | . . 11 9 15 Protection 13 | . . 18 11 3 Energy Gun 21 | . 24 21 18 13 Peak Build Rating 29 | 4 12 21 21 29 Average Rating 17 | 3 11 18 18 20 On Entrance 11 | . 4 12 21 18 Avg Prop Armor Cover (%) 2 | . . 2 2 . Naked Turns . | . . . . . Heaviest Build 99 | 10 22 99 99 23 Greatest Support 32 | 32 32 24 20 32 Greatest Overweight (x) 8 | . . 8 8 4 Average Overweight (x) 2 | . . 5 1 . Largest Inventory Capacity 25 | 8 10 25 25 10 Average Capacity 17 | 7 9 21 17 9 Most Carried 25 | 8 10 25 24 10 Average Carried 16 | 4 8 19 15 9 Final Capacity 25 | 8 10 25 10 5 Final Carried 24 | 8 10 24 10 5 Class Distribution -------------------- 88% | Mutant 5% | Scavenger-Mutant 4% | Sprinter Dominant Class ---------------- Mutant | -10/Materials Mutant | -9/Materials Scavenger-Mutant | -8/Materials Sprinter | -8/Storage Resources | -11 -10 -9 -8 -8 ----------- Run | Yrd Mat Mat Mat Sto Matter Collected 724 | 222 78 269 155 . Remotely 179 | . 78 101 . . Salvage Created 2058 | . 263 1257 283 255 Parts 107 | . 16 62 15 14 Haulers Intercepted . | . . . . . Recyclers Shooed 7 | . 1 5 1 . Parts Field Recycled . | . . . . . Retrieved Matter . | . . . . . Parts Self-Destructed . | . . . . . Prevented . | . . . . . Parts Restored . | . . . . . Kills | -11 -10 -9 -8 -8 ------- Run | Yrd Mat Mat Mat Sto Combat Hostiles Destroyed 43 | . 6 26 6 5 Guns 42 | . 6 25 6 5 AOE 1 | . . 1 . . Classes Destroyed 8 | . 3 3 . 2 Worker 1 | . . . . 1 Recycler 5 | . 2 3 . . Operator 2 | . . 2 . . Swarmer 10 | . 3 7 . . Grunt 20 | . 3 10 5 2 Brawler 1 | . . . . 1 Duelist 1 | . . 1 . . Sentry 11 | . . 8 1 2 Best Kill Streak 8 | . 5 8 4 5 Combat Bots Only 6 | . 3 6 4 5 Max Kills in Single Turn 2 | . 1 2 1 1 Gunslinging 1 | . . 1 . . Exploded 1 | . . 1 . . Melee . | . . . . . Uniques/NPCs Destroyed . | . . . . . Combat | -11 -10 -9 -8 -8 -------- Run | Yrd Mat Mat Mat Sto Hostile Shots Fired 287 | . 18 123 32 114 Missed 68 | . 4 34 6 24 Hits 219 | . 14 89 26 90 Melee 4 | . . 3 . 1 Projectile 215 | . 14 86 26 89 Critical Strikes 7 | . . 3 1 3 Damage Taken 2993 | . 133 1141 401 1318 Core 758 | . 63 141 87 467 Absorbed by Shields 62 | . . . . 62 Core Remaining (%) 79 | 100 74 64 . . Volleys Fired 138 | . 17 77 16 28 Largest 2 | . 2 2 2 1 Hottest 130 | . 112 112 130 65 Shots Fired 237 | . 34 143 32 28 Gun 236 | . 34 142 32 28 Cannon . | . . . . . Launcher 1 | . . 1 . . Special . | . . . . . Kinetic . | . . . . . Thermal 236 | . 34 142 32 28 Explosive 1 | . . 1 . . Electromagnetic . | . . . . . Robot Hit Streak 27 | . 7 25 27 14 Robot Miss Streak 6 | . 2 6 2 1 Penetration Max . | . . . . . Secondary Targets 5 | . . 3 2 . Max Gunslinging Chain 1 | . . 1 1 . Shots Hit Robots 175 | . 22 107 23 23 Core Hits 85 | . 11 48 13 13 Critical Kills . | . . . . . Critical Parts Destroyed . | . . . . . Critical Strikes 10 | . 1 8 1 . Burn 10 | . 1 8 1 . Melee Attacks . | . . . . . Impact . | . . . . . Slashing . | . . . . . Piercing . | . . . . . Sneak Attacks . | . . . . . Combat Hostiles . | . . . . . Follow-up Attacks . | . . . . . Damage Inflicted 2715 | . 319 1675 339 382 Guns 2649 | . 319 1609 339 382 Cannons . | . . . . . Explosions 66 | . . 66 . . Melee . | . . . . . Ramming . | . . . . . Kinetic . | . . . . . Thermal 2649 | . 319 1609 339 382 Explosive 66 | . . 66 . . Electromagnetic . | . . . . . Impact . | . . . . . Slashing . | . . . . . Piercing . | . . . . . Highest Corruption . | . . . . . Average Corruption . | . . . . . Corruption Purged . | . . . . . Corruption Blocked . | . . . . . Overload Shots . | . . . . . Overflow Damage . | . . . . . Projectiles . | . . . . . Explosions . | . . . . . Melee . | . . . . . Knockbacks . | . . . . . Impact . | . . . . . Kinetic . | . . . . . Secondary . | . . . . . Self-Inflicted Damage . | . . . . . Shots . | . . . . . Rammed . | . . . . . Targets Rammed . | . . . . . Kicked . | . . . . . Crushed . | . . . . . Highest Temperature 537 | . 401 515 537 498 Average Temperature 188 | . 141 156 248 318 Received Heat Transfer 1183 | . 36 318 207 622 Effects 32 | . 4 14 6 8 Shutdowns 3 | . . 3 . . Energy Bleed 2 | . . 1 . 1 Interference 14 | . 3 7 2 2 Matter Decay 4 | . . 2 1 1 Short Circuit 2 | . . . . 2 Damage (minor) 4 | . 1 1 . 2 Damage (major) 3 | . . . 3 . Siege Activations . | . . . . . Martial Activations . | . . . . . Shielding Activations . | . . . . . Robots Disrupted . | . . . . . Combat Hostiles . | . . . . . Robots Corrupted . | . . . . . Combat Hostiles . | . . . . . Parts Fried . | . . . . . Impact Corruptions . | . . . . . Robots Melted . | . . . . . Combat Hostiles . | . . . . . Parts Melted 23 | . 4 19 . . Heat Transferred 7437 | . 888 4699 925 925 Parts Sabotaged . | . . . . . Parts Stolen . | . . . . . Parts Stripped . | . . . . . Power Chain Reactions . | . . . . . Alert | -11 -10 -9 -8 -8 ------- Run | Yrd Mat Mat Mat Sto Maximum Alert Level 1 | . . 1 . 1 Low Security (%) 91 | 100 100 92 100 59 Level 1 8 | . . 7 . 40 Level 2 . | . . . . . Level 3 . | . . . . . Level 4 . | . . . . . Level 5 . | . . . . . High Security . | . . . . . Max Security . | . . . . . Peak Influence 281 | . 71 256 91 281 Initial 39 | . . 12 39 25 Average 95 | . 19 128 29 124 Influence Increases 1519 | . 191 755 141 432 Destroy 0b10 Robot/C 960 | . 120 520 120 200 Destroy 0b10 Robot/NC 40 | . 10 25 . 5 Destroy Leader 280 | . 40 150 20 70 Allied During Kill 17 | . . . . 17 Successful Hack 66 | . 5 41 . 20 Destroy Structure 6 | . 1 4 1 . Partial Spotted 30 | . . . . 30 Lose Combat Pursuer 120 | . 15 15 . 90 Influence Decreases 1323 | . 161 690 175 297 Entered New Map 110 | . . 18 56 36 Time Decay 822 | . 161 482 79 100 Lost Part 201 | . . 40 40 121 Lost Ally 40 | . . . . 40 Purge Threat 150 | . . 150 . . Squads Dispatched 10 | . 3 4 1 2 Investigation 6 | . 2 2 . 2 Extermination . | . . . . . Reinforcement 4 | . 1 2 1 . Assault . | . . . . . Garrison . | . . . . . Intercept . | . . . . . Searches Triggered . | . . . . . Construction Impeded . | . . . . . Haulers Reinforced . | . . . . . Active Scanning Responses . | . . . . . Cargo Convoy Interrupts . | . . . . . Stealth | -11 -10 -9 -8 -8 --------- Run | Yrd Mat Mat Mat Sto Distress Signals 6 | . 1 4 1 . Communications Jammed . | . . . . . Distress Signals . | . . . . . Times Spotted 79 | . 12 40 7 20 Peak Tracking Total 14 | . 4 8 5 14 Tactical Retreats 4 | . 1 1 . 2 Traps | -11 -10 -9 -8 -8 ------- Run | Yrd Mat Mat Mat Sto Traps Triggered 2 | . 2 . . . Indirectly . | . . . . . Trap Hack Attempts . | . . . . . Triggered . | . . . . . Disarmed . | . . . . . Reprogrammed . | . . . . . Reused . | . . . . . Traps Extracted . | . . . . . Installed . | . . . . . Triggered . | . . . . . Machines | -11 -10 -9 -8 -8 ---------- Run | Yrd Mat Mat Mat Sto Machines Disabled . | . . . . . Max in Single Turn . | . . . . . Machines Repaired . | . . . . . Machines Dismantled . | . . . . . Machines Sabotaged . | . . . . . Overloaded Fab Kills . | . . . . . Hacking | -11 -10 -9 -8 -8 --------- Run | Yrd Mat Mat Mat Sto Machines Accessed 19 | . 3 10 . 6 Terminals 12 | . 1 7 . 4 Fabricators . | . . . . . Repair Stations 1 | . 1 . . . Recycling Units 4 | . 1 1 . 2 Scanalyzers 2 | . . 2 . . Garrison Access . | . . . . . Total Hacks 62 | . 3 42 . 17 Successful 34 | . 2 22 . 10 Failed 27 | . 1 19 . 7 Catastrophic 2 | . . . . 2 Database Lockouts 1 | . . 1 . . Manual 5 | . . 4 . 1 Terminals 47 | . 1 31 . 15 Fabricators . | . . . . . Repair Stations 1 | . 1 . . . Recycling Units 4 | . 1 1 . 2 Scanalyzers 10 | . . 10 . . Garrison Access . | . . . . . Terminal Hacks 22 | . 1 13 . 8 Record 1 | . . . . 1 Open Door 1 | . . . . 1 Branch Access Points 1 | . . 1 . . Fabricator Index 1 | . . . . 1 Unreport Threat 1 | . . 1 . . Locate Traps 3 | . . 2 . 1 Dispatch Records 3 | . . 2 . 1 Maintenance Status 1 | . . 1 . . Patrol Status 1 | . . 1 . . Transport Status 1 | . . . . 1 Recall Investigation 2 | . . 2 . . Hauler Manifests 1 | . . 1 . . Registered Components 1 | . . . . 1 Zone Layout 4 | . 1 2 . 1 Fabricator Hacks . | . . . . . Repair Station Hacks . | . . . . . Recycling Unit Hacks 4 | . 1 1 . 2 Report Inventory 4 | . 1 1 . 2 Scanalyzer 8 | . . 8 . . Insert Component 4 | . . 4 . . Analyze 3 | . . 3 . . Retrieve Study 1 | . . 1 . . Garrison Access Hacks . | . . . . . Unauthorized Hacks . | . . . . . Terminals . | . . . . . Fabricators . | . . . . . Repair Stations . | . . . . . Recycling Units . | . . . . . Scanalyzers . | . . . . . Garrison Access . | . . . . . Data Cores Recovered 1 | . . 1 . . Used 1 | . . 1 . . Hacking Detections 13 | . 2 7 . 4 Full Trace Events 7 | . . 5 . 2 Feedback Events . | . . . . . Feedback Blocked . | . . . . . Robot Schematics Acquired . | . . . . . Robots Built . | . . . . . Authchips . | . . . . . Time . | . . . . . Total Robot Build Rating . | . . . . . Part Schematics Acquired 3 | . . 3 . . Parts Built . | . . . . . Authchips . | . . . . . Time . | . . . . . Total Part Build Rating . | . . . . . Part Studies Acquired 1 | . . 1 . . Parts Repaired . | . . . . . Time . | . . . . . Parts Recycled . | . . . . . Recycled Matter . | . . . . . Retrieved Matter . | . . . . . Retrieved Components . | . . . . . Parts Scanalyzed 3 | . . 3 . . Part Schematics Acquired 3 | . . 3 . . Parts Damaged . | . . . . . Bothacking | -11 -10 -9 -8 -8 ------------ Run | Yrd Mat Mat Mat Sto Used RIF Installer . | . . . . . Robots Hacked . | . . . . . Non-combat . | . . . . . Combat . | . . . . . Robot Hacks Applied . | . . . . . Relay Couplers Released . | . . . . . Fabnet Peak Effective % . | . . . . . Robots Rewired . | . . . . . Allies Hacked . | . . . . . Hacks Repelled . | . . . . . Allies | -11 -10 -9 -8 -8 -------- Run | Yrd Mat Mat Mat Sto Total Allies 2 | . . . . 2 Largest Group 2 | . . . . 2 Highest-Rated Group 62 | . . . . 62 Highest-Rated Ally 31 | . . . . 31 Total Orders . | . . . . . Ally Attacks 19 | . . . . 19 Total Damage 357 | . . . . 357 Kills 5 | . . . . 5 Allies Corrupted . | . . . . . Allies Melted . | . . . . . Intel | -11 -10 -9 -8 -8 ------- Run | Yrd Mat Mat Mat Sto Active Infowar (turns) 144 | . . . . 144 Optics 144 | . . . . 144 Robot Analysis Total . | . . . . . Derelict Logs Recovered . | . . . . . Drone Launches . | . . . . . Drone Recoveries . | . . . . . Exploration | -11 -10 -9 -8 -8 ------------- Run | Yrd Mat Mat Mat Sto Turns Passed 2346 | 54 450 1432 208 202 Spaces Moved 1294 | 37 341 635 119 162 Core 3 | 1 . . . 2 Treads . | . . . . . Legs . | . . . . . Wheels 1025 | 36 341 632 16 . Hover . | . . . . . Flight 266 | . . 3 103 160 Fastest Speed 31 | 50 90 105 31 31 Average Speed 122 | 98 91 170 65 50 Slowest Speed 525 | 100 100 525 351 250 Overloaded Moves . | . . . . . Propulsion Burnouts . | . . . . . Robots Hopped 3 | . . . . 3 Potential Cave-ins . | . . . . . Cave-ins Triggered . | . . . . . Exploration Rate (%) 35 | 3 60 71 16 28 Regions Visited 4 Branch Regions 1 Pre-discovered Areas . | . . . . . Known Exits Taken . | . . . . . Unknown Exits Taken 4 | 1 1 1 1 . Scrap Searched . | . . . . . Spaces Dug . | . . . . . Terrain Destroyed 3 | . . 3 . . Melee . | . . . . . Projectile . | . . . . . AOE 3 | . . 3 . . Terrain Rammed . | . . . . . Walls Destroyed . | . . . . . Machines Disabled . | . . . . . Actions | -11 -10 -9 -8 -8 --------- Run | Yrd Mat Mat Mat Sto Total 1823 | 52 451 849 223 248 Wait 246 | 4 61 79 56 46 Move 1284 | 36 340 634 118 156 Hop 3 | . . . . 3 Pick Up 56 | 8 13 29 5 1 Fast Attach 14 | 4 3 2 . 5 Attach 23 | . . 9 9 5 Detach 3 | . . . 2 1 Swap 14 | . 3 5 3 3 Drop 42 | . 14 14 14 . Fire 138 | . 17 77 16 28 Melee . | . . . . . Ram . | . . . . . Kick . | . . . . . Crush . | . . . . . Escape Stasis . | . . . . . Rewire . | . . . . . Trap . | . . . . . Miscellaneous . | . . . . . Route ------- -11/Scrapyard -10/Materials (discovered 3 exits: *Mat / [*Min] / [*Sub]) -9/Materials (discovered 2 exits: [*Mat] / *Min) -8/Materials -8/Storage (discovered 1 exit: [Rec]) History --------- Turn | Location | Event 22 | -11/Scrapyard | Discovered new exit (range 16) 55 | -11/Scrapyard | Entered Materials 311 | -10/Materials | Discovered new exit (range 13) 321 | -10/Materials | Build established: Mutant 370 | -10/Materials | Discovered new exit (range 11) 495 | -10/Materials | Discovered new exit (range 8) 505 | -10/Materials | Entered another Materials area 505 | -9/Materials | Evolved 2 slots: Utility x2 538 | -9/Materials | Central database locked down 1501 | -9/Materials | Identified exit to Mines 1895 | -9/Materials | Discovered new exit (range 6) 1937 | -9/Materials | Entered another Materials area 1937 | -8/Materials | Evolved 2 slots: Propulsion x2 2022 | -8/Materials | Lost 3 parts (2n1u) 2127 | -8/Materials | Discovered new exit (range 5) 2145 | -8/Materials | Entered Storage 2232 | -8/Storage | Discovered new exit (range 14) 2236 | -8/Storage | Met a pair of Derelict thieves 2263 | -8/Storage | Lost 3 parts (1p1n1w) 2322 | -8/Storage | Core integrity fell below 50% 2342 | -8/Storage | Core integrity fell below 20% 2347 | -8/Storage | Destroyed by G-47 Trooper with Particle Gun Last Messages --------------- 02319_ Overheating: Short circuit. 02319_ Critical hit (Burn: +37). 02329_ Broken Beam Rifle destroyed. 02329_ Broken Imp. Flight Unit destroyed. 02332_ Particle Gun destroyed. 02333_ Overheating: Matter decay (-33). 02333_ Hrd. Light Armor Plating destroyed. 02334_ K-01 Serf collects debris. 02335_ Acquired Lgt. Nuclear Core. 02336_ Imp. Flight Unit destroyed. 02337_ K-01 Serf collects debris. 02338_ Acquired Particle Gun. 02340_ K-01 Serf cleans the Heavy Doors. 02340_ Med. Storage Unit destroyed. 02341_ K-01 Serf collects debris. 02342_ Overheating: Visual Processing Unit damaged (-7). 02343_ K-01 Serf destroyed. 02344_ K-01 Serf collects debris. 02347_ Overheating: Energy bleed (-17). Map ----- +----------------------------------------------------+ | ?????????????????????????????????????????????????? | | ?????????????????????????????????????????????????? | | ?????????????????????????????????????????????????? | | ?????????????????????????????????????????????????? | | ?????????????????????????????????????????????????? | | ?????????????????????????????????????????????????? | | ?????????????????????????????????????????????????? | | ?????????????????????????????????????????????????? | | ?????????????????????????????????????????????????? | | ????????????????????#?# #????????????????? | | ????????????????????#?# #????????????????? | | ????????????????????### #????????????????? | | ???????????????????? + ] #????????????????? | | ????????????????????### ##########???????? | | ????????????????????#?#### ###### #???????? | | ????????????????????#????######## """ #???????? | | ????????????????????######## # """ #???????? | | ???????????????????? # """ #???????? | | ???????????????????? + #???????? | | ????????????????????######## # """ #???????? | | ???????????????????????????## ## """ #???????? | | ????????????????????######### ## """ #???????? | | ????????????????????######### ## #???????? | | ????###?????????????#==*!#*[# #############?????? | | ? #?????????????#!=Yg"=%#!!####T### #?????? | | ?""" #?????????????#=*g!@[[+%%! #?????? | | """" #?????????????#==!k"![#[* % #?????? | | """" ##????????????#=*%!#T#########/## #?????? | | ?????????????#*%!=#### ## ##?????? | | " #?????????????######### """" ## #??????? | | T" #?????????????######### """" ## #??????? | | "" ]#?????????????????????# """" ## #??????? | | ???????????????????????# """ ## ##?????? | | ##/############?????????????# ## T#?????? | | # / #????????????## ## ##?????? | | # # #????????????# #""""#?????? | | # # """ """ #????????????#########/### #?????? | | # # """ """ #????????#####???????# #?# < #?????? | | # + """ """ #????????#####???????# #?# #?????? | | # # #????????## ##???????# #?#####?????? | | + # #?????????# ##???????# #???????????? | | # # #?#####???# T#???????# #???????????? | | # ###########?#"""#??##/####?????# #???????????? | | # ##T##########"Y"#### ####### ###?????????? | | "" #?????????? | | T +^????????? | | #?????????? | | ######################## ###########?????!???? | | ???????????????????????#######???????????????????? | | | +----------------------------------------------------+ Best States ------------- Heat Dissipation 31 Energy Generation 14 Energy Capacity 265 Matter Stores 300 Matter Capacity 300 Sight Range 18 Terrain Scan Density 10 Additional Mass Support 12 Base Temperature (-) 100 Armor Coverage 300 Evasion (%) 63 Targeting Accuracy 5 Item Schematics ----------------- Flight Unit | -9/Materials | Scanalyzed Beam Rifle | -9/Materials | Scanalyzed Shield Generator | -9/Materials | Scanalyzed Robot Schematics ------------------ None Fabricated ------------ Nothing Repaired ---------- Nothing Studied --------- Flight Unit | -9/Materials | Hacked Alien Tech Used ----------------- None Achievements -------------- None Challenges ------------ None Game ------ Seed MediumZioniteJammer Manual? 0 Play Time 00:42:51 Cumulative 60.9 hours Start 2026.04.06 @ 22:48:12 End 2026.04.06 @ 23:31:24 Sessions 1 Manual Loads 0 Difficulty Rogue Special Mode None Game No. 99 Rogue 99 Adventurer 0 Explorer 0 Win Type - Total 0 Types 0/0/0/0/0/0/0/0/0/0 Lore% 16 Gallery% 30 Achievement% 21 Wizard Run 0 Options --------- Layout 1 ASCII 1 Keyboard 0 Movement Mouse Keybinds 0 Fullscreen 1 Font 24/Cog Map View 50x35 Zoom Use 0% Tactical HUD 1 Map Filters NONE Filters NONE Steam 0 RUN: faf039c5-8106-4fae-9619-bddbc00234b2